 Dungeon Crawl Stone Soup version 0.27-a0-887-gcab673c142 (webtiles) character file.

Game seed: 1696805750239079192

86 mhtbhm the Skirmisher (level 4, -2/41 HPs)
             Began as a Minotaur Fighter on Apr 3, 2021.
             Slain by an ogre
             ... wielding a +0 giant club
              (28 damage)
             ... on level 5 of the Dungeon.
             The game lasted 00:02:15 (1874 turns).

mhtbhm the Skirmisher (Minotaur Fighter)            Turns: 1874, Time: 00:02:15

Health: -2/41      AC: 13    Str: 22    XL:     4   Next: 26%
Magic:  3/3        EV:  4    Int:  5    God:
Gold:   96         SH:  9    Dex:  9    Spells: 3/3 levels left

rFire    . . .     SeeInvis .   a - +0 war axe
rCold    . . .     Faith    .   c - +0 kite shield
rNeg     . . .     Spirit   .   b - +0 plate armour
rPois    .         Reflect  .   (helmet restricted)
rElec    .         Harm     .   (no cloak)
rCorr    .         Rampage  .   (no gloves)
Will     .....                  i - +0 pair of boots
Stlth    ..........             (no amulet)
HPRegen  0.13/turn              e - ring of flight
MPRegen  0.08/turn              (no ring)

@: flying
A: horns 2, retaliatory headbutt
a: no special abilities


You were on level 5 of the Dungeon.
You visited 1 branch of the dungeon, and saw 4 of its levels.

You collected 96 gold pieces.

Inventory:

Hand Weapons
 a - a +0 war axe (weapon)
Armour
 b - a +0 plate armour (worn)
 c - a +0 kite shield (worn)
 i - a +0 pair of boots (worn)
Jewellery
 e - a ring of flight (left hand)
Scrolls
 h - a scroll of vulnerability {unknown}
 j - 2 scrolls of fog {unknown}
 k - a scroll of immolation {unknown}
Potions
 d - 2 potions of might
 f - a potion of flight {unknown}
 g - a potion of ambrosia {unknown}
 l - a potion of haste {unknown}
 m - a potion of heal wounds {unknown}


   Skills:
 + Level 4.5 Fighting
 + Level 3.5 Axes
 + Level 4.3 Armour
 + Level 0.1 Stealth
 + Level 4.2 Shields


You had 3 spell levels left.
You didn't know any spells.
Your spell library was empty.

Dungeon Overview and Level Annotations

Branches:
Dungeon (3/15)

Altars:

Shops:
D:2 :


Innate Abilities, Weirdness & Mutations

You have a pair of horns on your head.
You reflexively headbutt those who attack you in melee.


Message History

b - a +0 plate armour You start putting on your armour.
You continue putting on your +0 plate armour. x4
You finish putting on your +0 plate armour.
Unknown command.
You fly up into the air.
e - a ring of flight (left hand)
You see here a +0 scale mail.
You reach down and open the door.
There is an open door here.
There is a stone staircase leading down here.
Done exploring.
Done exploring.
Done exploring.
Done exploring.
No target in view!
There is an open door here.
There is a stone staircase leading down here.
There is a stone staircase leading down here.
You fly downwards.
There is a stone staircase leading up here.
Unknown command.
You are sucked into a shaft and drop 2 floors!
The shaft crumbles and collapses.
An ogre comes into view. It is wielding a +0 giant club.
The ogre shouts!
Found a bubbling puce potion.
Unknown command.
The ogre hits you with a +0 giant club.
You slash the ogre!
The ogre is moderately wounded.
The ogre hits you with a +0 giant club!
You slash the ogre!
The ogre is severely wounded.
The ogre hits you but does no damage.
You hit the ogre.
The ogre is almost dead.
The ogre hits you with a +0 giant club!!
Ouch! That really hurt!
You die...

.! .# .# .# #
.# #.####.####
##.........#
#...O@.....#
#............#
.............#
.............#
#............#
##............#
##.............
##...........#


You could see an ogre.

Vanquished Creatures
  2 adders (D:2)
  2 worms (D:2)
  2 dart slugs (D:2)
  6 ball pythons
  8 endoplasms
  6 giant cockroaches
  4 hobgoblins
  4 jackals (D:2)
  2 quokkas (D:1)
  2 bats
  2 frilled lizards
  6 goblins
  3 kobolds (D:1)
  4 rats
53 creatures vanquished.

Notes
Turn   | Place    | Note
-------+----------+-------------------------------------------
     0 | D:1      | mhtbhm the Minotaur Fighter began the quest for the Orb.
     0 | D:1      | Reached XP level 1. HP: 19/19 MP: 0/0
   161 | D:1      | Reached XP level 2. HP: 21/27 MP: 1/1
   658 | D:1      | Reached XP level 3. HP: 33/33 MP: 2/2
  1134 | D:2      | Found Risunitu's Book Boutique.
  1288 | D:2      | Reached XP level 4. HP: 41/41 MP: 3/3
  1870 | D:3      | You are sucked into a shaft and drop 2 floors!
  1870 | D:5      | Entered Level 5 of the Dungeon
  1870 | D:5      | Noticed an ogre
  1874 | D:5      | Slain by an ogre

Illustrated notes

Levels and vault maps discovered:
D:1:      dpeg_arrival_three_same_balls, layout_basic, minmay_worlds_worst_comb
D:2:      layout_basic, serial_shops, shop
D:3:      layout_loops_ring, zin_treasury, ebering_ecumenical_altar_webs
D:5:      layout_rooms, temple_hall, minmay_small_thing, uniq_grinder

Skill      XL: |  1  2  3 |
---------------+----------+-----
Armour         | 4 |  4.3
Fighting       | 4 |  4.5
Shields        | 4 |  4.2
Axes           | 3 |  3.5
Stealth        | |  0.1

Action                   |  1- 3 |  4- 6 || total
-------------------------+-------+-------++-------
Melee: War axe           |    81 |    30 ||   111
       Headbutt          |    13 |     3 ||    16
Armor: Scale mail        |    46 |    14 ||    60
       Plate armour      |       |     1 ||     1
Dodge: Dodged            |    27 |     6 ||    33
Block: Kite shield       |    32 |    13 ||    45

Table legend: (Time is in decaauts)
 A = Elapsed time spent in this place.
 B = Non-inter-level travel time spent in this place.
 C = Inter-level travel time spent in this place.
 D = Time resting spent in this place.
 E = Time spent auto-exploring this place.
 F = Levels seen in this place.
 G = Mean time per level.
                   A        B        C        D        E       F      G
               +--------+--------+--------+--------+--------+-----+--------+
         Total |   1936 |   1936 |      0 |      0 |   1541 |   4 |  484.0 |
       Dungeon |   1936 |   1936 |      0 |      0 |   1541 |   4 |  484.0 |
               +--------+--------+--------+--------+--------+-----+--------+

Top non-repeatable levels by time:
     D:1: 968 daAuts
     D:2: 963 daAuts
     D:5: 4 daAuts
     D:3: 0 daAuts
